 Dungeon Crawl Stone Soup version 0.29.1-1-gd02db6906a (webtiles) character file.

Game seed: 6678351227560023240

5815 hikkokomori the Frost Mage (level 10, -2/112 HPs)
             Began as a Black Draconian Ice Elementalist on Oct 6, 2022.
             Was a Priest of Vehumet.
             Shot with an arrow by a centaur warrior (14 damage)
             ... on level 9 of the Dungeon.
             The game lasted 00:35:27 (11947 turns).

hikkokomori the Frost Mage (DrIE)                  Turns: 11947, Time: 00:35:28

Health: -2/112     AC:  8    Str: 12    XL:     10   Next: 51%
Magic:  15/15      EV: 10    Int: 19    God:    Vehumet [***...]
Gold:   481        SH:  5    Dex: 11    Spells: 1/15 levels left

rFire   x . .      SeeInvis .     - Unarmed
rCold   + + +      Faith    .   (shield currently unavailable)
rNeg    . . .      Spirit   .   (body armour unavailable)
rPois   +          Reflect  +   (helmet currently unavailable)
rElec   .          Harm     .   (cloak currently unavailable)
rCorr   .          Rampage  .   (gloves currently unavailable)
Will    .....                   (boots currently unavailable)
Stlth   ++........              h - amulet of reflection
HPRegen 0.28/turn               (no ring)
MPRegen 0.14/turn               (no ring)

@: ice-form
A: freezing attack, amphibious, boosted hp, (breathe lightning), AC +7, large,
unfitting armour, (electricity resistance), (cold-blooded)
a: End Transformation, Renounce Religion


You were on level 9 of the Dungeon.
You worshipped Vehumet.
Vehumet was most pleased with you.
You were a creature of crystalline ice.
You visited 1 branch of the dungeon, and saw 9 of its levels.
You also visited: Ossuary.

You collected 481 gold pieces.

Inventory:

Hand Weapons
 b - a +0 spear
 c - a +0 dagger
 l - a +0 dagger of venom
 t - a +0 morningstar (melded)
Missiles
 d - 3 throwing nets
Armour
 g - the +2 hat of the Trilobite (melded) {rC- Will+ Str+4 Dex+4}
   (You acquired it on level 7 of the Dungeon)

   Str:       It affects your strength (+4).
   Dex:       It affects your dexterity (+4).
   rC:        It makes you vulnerable to cold.
   Will:      It increases your willpower.
 k - a +0 pair of gloves (melded)
 s - a +0 pair of boots (melded)
 A - a +2 buckler (melded)
Jewellery
 h - an amulet of reflection (around neck)
 y - a ring of magical power
Wands
 v - a wand of polymorph (6)
 z - a wand of charming (2)
 I - a wand of flame (28)
 K - a wand of light (9)
Scrolls
 e - 3 scrolls of teleportation
 j - a scroll of silence
 o - a scroll of noise
 u - a scroll of vulnerability
 w - a scroll of fear {unknown}
 B - a scroll of enchant weapon {unknown}
 C - 2 scrolls of enchant armour
 D - 2 scrolls of brand weapon {unknown}
 H - a scroll of butterflies
 J - a scroll of immolation
 L - a scroll of identify
Potions
 a - a potion of magic
 f - 2 potions of lignification
 m - a potion of brilliance
 n - 2 potions of degeneration
 p - 3 potions of heal wounds
 q - a potion of curing
 r - 2 potions of resistance
 x - a potion of mutation
 E - a potion of ambrosia
 F - 2 potions of invisibility
 G - a potion of haste


   Skills:
 - Level 10.3 Fighting
 - Level 1.7 Dodging
 - Level 1.7 Stealth
 - Level 4.0 Shields
 + Level 3.7 Unarmed Combat
 + Level 3.3 Spellcasting
 - Level 1.8 Conjurations
 + Level 3.6 Transmutations
 + Level 10.7 Ice Magic


You had one spell level left.
You knew the following spells:

 Your Spells              Type           Power      Damage    Failure   Level
a - Freeze                Ice            100%       1d11      1%          1
b - Frozen Ramparts       Ice            88%        1d14      1%          3
c - Magic Dart            Conj           40%        1d5       1%          1
d - Ice Form              Ice/Tmut       30%        N/A       8%          4
e - Poisonous Vapours     Pois/Air       6%         N/A       6%          2
f - Mephitic Cloud        Conj/Pois/Air  5%         N/A       10%         3

Your spell library contained the following spells:

 Spells                   Type           Power      Damage    Failure   Level
 Foxfire                  Conj/Fire      24%        2x1d5     2%          1
 Shock                    Conj/Air       24%        1d4       2%          1
 Apportation              Tloc           6%         N/A       14%         1
 Necrotise                Necr           12%        1d4       14%         1
 Summon Small Mammal      Summ           12%        N/A       14%         1
 Ozocubu's Armour         Ice            44%        N/A       1%          3
 Hailstorm                Conj/Ice       27%        3d7       3%          4
 Conjure Flame            Conj/Fire      6%         6-21      9%          3
 Inner Flame              Hex/Fire       3%         N/A       12%         3
 Summon Ice Beast         Ice/Summ       23%        N/A       16%         4
 Flame Wave               Conj/Fire      6%         2d5       24%         4
 Airstrike                Air            1%         2d(1-17)  34%         4
 Summon Guardian Golem    Hex/Summ       3%         N/A       41%         3
 Swiftness                Air            3%         N/A       41%         3
 Orb of Destruction       Conj           5%         9d5       100%        7
 Spellforged Servitor     Conj/Summ      3%         N/A       100%        7


Dungeon Overview and Level Annotations

Branches:
Dungeon (9/15)             Temple (0/1) D:4            Lair (0/5) D:8
Ossuary (visited)
    Orc: D:9-12

Altars:
Fedhas
Kikubaaqudgha
Vehumet
Yredelemnul
The Shining One

Shops:
D:1 **(!!

Annotations:
D:4 3 runed translucent doors, nshep25's ghost, amateur MiFi


Innate Abilities, Weirdness & Mutations

You are a creature of crystalline ice.
You have a powerful freezing melee attack.
You are amphibious.
Your maximum health is increased.
Your armour is entirely melded.
You are incapable of wielding weapons or throwing items.
((You can breathe wild blasts of lightning.))
((Your glossy black scales are hard. (AC +7)))
You cannot fit into any form of body armour.
((You are resistant to electric shocks. (rElec)))
((You are cold-blooded and may be slowed by cold attacks.))


Message History

Okay, then.
Okay, then.
As you read the scroll of teleportation, it crumbles to dust.
You feel strangely unstable.
Your surroundings suddenly seem different.
A centaur warrior comes into view.
The centaur warrior shouts!
The centaur warrior wields a +0 shortbow.
The centaur warrior shoots an arrow.
The arrow hits you!
* * * LOW HITPOINT WARNING * * *
Unknown command.
You start resting.
The centaur warrior shoots an arrow.
The arrow hits you!!
* * * LOW HITPOINT WARNING * * *
Unknown command.
What are your orders? t - Shout!
Orders for allies: a - Attack new target. r - Retreat! s - Stop attacking. g - Guard the area. f - Follow me.
Anything else - Cancel.
Okay, then.
Blink to where?
Press: ? - help, Dir - move target
Okay, then.
As you read the scroll of butterflies, it crumbles to dust.
You hear the tinkle of a tiny bell.
The centaur warrior unwields a +0 shortbow.
The centaur warrior closely misses your butterfly.
The centaur warrior misses your butterfly.
You swap places.
You swap places.
The centaur warrior hits your butterfly.
Your butterfly dies!
Your butterfly disappears in a burst of colours!
Blink to where?
Press: ? - help, Dir - move target
As you read the scroll of blinking, it crumbles to dust.
The centaur warrior wields a +0 shortbow.
The centaur warrior shoots an arrow.
The arrow hits you!
You die...

#^...............# #.#.#.#.#
########..#......####.#.#.#.#
#............#........#.#.#.#
#.........#..#.#####..#.#.#.#
#.........#..#.#####..#.#.#.#
#.........#..#.#........#.#.#
+............>.#.########.#.#
#...........................#
#........####Y##.######.#.###
#######.......##.#<...#.###
##########...b##.##.####.#.#
.........#....#.[........#.#
########.#....#.....######.#
# ##......#########.# #
#......c............# #
###.#+#.#.######## #
######.#...b.....#


You could see a centaur warrior (ally target).

Vanquished Creatures
  2 trolls (D:9)
  A hornet (D:9)
  Sigmund (D:3)
  3 basilisks (D:8)
  2 wyverns
  A steam dragon (D:9)
  An acid dragon (D:8)
  5 water moccasins
  2 orc warriors
  An ice beast (D:6)
  2 sky beasts (D:6)
  3 black bears (D:8)
  2 ogres (D:6)
  2 wolves
  2 centaurs
  2 phantoms (D:5)
  3 bullfrogs
  An elf zombie (Ossuary)
  A necrophage (D:5)
  2 scorpions (D:6)
  A water moccasin zombie (D:5)
  7 wights
  2 howler monkeys (D:7)
  A jelly (D:6)
  5 bullfrog zombies (D:5)
  4 orc priests
  2 hounds
  2 gnoll boudas
  2 scorpion zombies (D:5)
  2 iguanas
  7 orc wizards
  2 hound zombies
  A hound skeleton (D:5)
  4 mummies (Ossuary)
  8 gnolls
  5 adders
  2 white imps
  2 ufetubi
  2 adder zombies (Ossuary)
  3 dart slugs
  30 orcs
  3 ball pythons
  6 endoplasms
  2 giant cockroaches (D:1)
  6 goblins
  11 hobgoblins
  10 jackals
  4 kobolds
  2 quokkas
  8 bats
  4 frilled lizards
  A gnoll zombie (Ossuary)
  3 goblin zombies
  2 kobold zombies (Ossuary)
  3 orc zombies (Ossuary)
  A quokka zombie (D:7)
  6 rats
205 creatures vanquished.

Vanquished Creatures (collateral kills)
  A hornet (D:7)
1 creature vanquished.

Vanquished Creatures (others)
  A wyvern (D:7)
  3 fungi
  7 plants (D:8)
  6 withered plants (D:5)
17 creatures vanquished.

Grand Total: 223 creatures vanquished

Notes
Turn   | Place    | Note
-------+----------+-------------------------------------------
     0 | D:1      | hikkokomori the Draconian Ice Elementalist began the quest
                  | for the Orb.
     0 | D:1      | Reached XP level 1. HP: 14/14 MP: 3/3
   131 | D:1      | Found Anubiuff's Assorted Antiques.
   184 | D:1      | Reached skill level 1 in Fighting
   237 | D:1      | Found Bualannu's General Store.
   458 | D:1      | Reached XP level 2. HP: 23/23 MP: 1/5
   569 | D:1      | Found Tiycegg's Distillery.
   960 | D:1      | Found Betarieck's Distillery.
   989 | D:1      | Found Ileoch's Antique Weapon Shoppe.
  1250 | D:2      | Reached XP level 3. HP: 28/29 MP: 3/6
  1254 | D:2      | Learned a level 3 spell: Frozen Ramparts
  1676 | D:2      | Found a faded altar of an unknown god.
  1687 | D:2      | Got Plato's Papyrus of Formation
  2227 | D:3      | Reached XP level 4. HP: 32/37 MP: 3/7
  2523 | D:3      | Noticed Sigmund
  2534 | D:3      | Killed Sigmund
  2535 | D:3      | Reached skill level 5 in Ice Magic
  2535 | D:3      | Reached XP level 5. HP: 19/46 MP: 4/8
  3358 | D:3      | Found a glowing golden altar of the Shining One.
  3672 | D:4      | Reached XP level 6. HP: 53/53 MP: 5/9
  3759 | D:4      | Found a staircase to the Ecumenical Temple.
  3839 | D:4      | Found a runed translucent gate.
  3843 | D:4      | Found a runed translucent gate.
  3843 | D:4      | Found a runed translucent gate.
  3844 | D:4      | Noticed a yak
  3844 | D:4      | Noticed nshep25's ghost (amateur MiFi)
  4080 | D:4      | Identified the +0 pair of gloves of Eclorph {*Slow rC++}
  4119 | D:4      | Found a radiant altar of Vehumet.
  4119 | D:4      | Found an ancient bone altar of Kikubaaqudgha.
  4378 | D:4      | Became a worshipper of Vehumet
  4419 | D:5      | Entered Level 5 of the Dungeon
  4474 | D:5      | Reached skill level 5 in Fighting
  4926 | D:5      | Your scales start taking on a glossy black colour.
  4926 | D:5      | Reached XP level 7. HP: 60/61 MP: 4/10
  4926 | D:5      | Gained mutation: You are resistant to electric shocks.
                  | (rElec) [Black Draconian growth]
  5550 | D:5      | Reached XP level 8. HP: 50/73 MP: 11/11
  6651 | D:6      | Found Ser Vaol's Distillery.
  6928 | D:6      | Reached * piety under Vehumet
  6928 | D:6      | Offered knowledge of Magic Dart by Vehumet.
  6932 | D:6      | Learned a level 1 spell: Magic Dart
  7179 | D:6      | Found a blossoming altar of Fedhas.
  7343 | D:6      | Reached skill level 1 in Conjurations
  7476 | D:6      | Found a basalt altar of Yredelemnul.
  7927 | D:6      | Reached XP level 9. HP: 76/82 MP: 12/12
  8048 | D:7      | Identified a scroll of acquirement
  8069 | D:7      | Acquired the +2 hat of the Trilobite {rC- Will+ Str+4
                  | Dex+4}
  8292 | D:7      | Found a sand-covered staircase.
  8314 | Ossuary  | Entered an ossuary
  8338 | Ossuary  | Reached skill level 1 in Shields
  8999 | D:7      | Reached ** piety under Vehumet
  8999 | D:7      | Offered knowledge of Poisonous Vapours by Vehumet.
  9761 | D:8      | Learned a level 4 spell: Ice Form
 10026 | D:7      | Learned a level 2 spell: Poisonous Vapours
 10040 | D:8      | Reached skill level 10 in Ice Magic
 10042 | D:8      | Reached skill level 10 in Fighting
 10115 | D:8      | Reached skill level 1 in Unarmed Combat
 10115 | D:8      | Reached skill level 1 in Transmutations
 10169 | D:8      | Reached XP level 10. HP: 84/91 MP: 1/13
 10481 | D:8      | Offered knowledge of Mephitic Cloud by Vehumet.
 10973 | D:8      | Found a staircase to the Lair.
 11099 | D:8      | Reached *** piety under Vehumet
 11104 | D:8      | Learned a level 3 spell: Mephitic Cloud
 11925 | D:9      | Noticed a boulder beetle
 11933 | D:9      | Noticed a centaur warrior
 11947 | D:9      | Shot with an arrow by a centaur warrior

Illustrated notes

Levels and vault maps discovered:
D:1:      dpeg_arrival_boxorama, layout_basic, serial_shops,
          nicolae_shop_waterfront, nicolae_shop_waterfront, shop_statue,
          nicolae_diamond_shop, nicolae_shop_stone, minmay_misc_feat_roman
D:2:      layout_basic, shapermc_ecumenical_altar_rom_forum
D:3:      layout_basic, tso_altar, grunt_ministairs_12, chequers_garden,
          minmay_misc_feat_cross, minmay_misc_feat_nine_boxes, st_stairs_11,
          uniq_sigmund
D:4:      layout_loops_ring, gammafunk_temple_overflow_statue,
          minmay_temple_entry_glassed_door, gammafunk_ghost_split, wad_orctagon
D:5:      layout_gridville, serial_undead, serial_undead_f, serial_undead_d,
          serial_undead_e, serial_undead_f, serial_undead_c, serial_undead_a,
          hangedman_abyss_or_decor_stabs, nrook_uturn
D:6:      layout_loops_ring, mainiacjoe_overflow_six_doors_small,
          lemuel_doored_altar, chequers_arboretum, kennysheep_windowed_goal
D:7:      layout_loops_corners, enter_ossuary_4, lightli_orcish_oven
D:8:      layout_cave_pools, minmay_lair_entry_grove
D:9:      minmay_bloctagon_deflated, layout_basic, corner_web_ring, uniq_amaemon

Skill      XL: |  1  2  3  4  5  6  7  8  9 10 |
---------------+-------------------------------+-----
Fighting       | 1 2 4 5 7 8 10 | 10.3
Ice Magic      | 5 6 7 9 10 | 10.7
Conjurations   | 1 |  1.8
Shields        | 4 |  4.0
Unarmed Combat | 1 3 |  3.7
Transmutations | 1 3 |  3.6
Spellcasting   | 3 |  3.3
Dodging        | |  1.7
Stealth        | |  1.7

Action                   |  1- 3 |  4- 6 |  7- 9 | 10-12 || total
-------------------------+-------+-------+-------+-------++-------
Melee: Dagger            |   146 |   151 |       |       ||   297
       Tailslap          |    14 |    21 |    45 |     6 ||    86
       Punch             |     1 |     3 |     5 |       ||     9
       Morningstar       |       |     5 |   352 |    27 ||   384
       Unarmed           |       |       |    21 |    58 ||    79
 Cast: Freeze            |    17 |     3 |     4 |       ||    24
       Frozen Ramparts   |     6 |    18 |    29 |     4 ||    57
       Ice Form          |       |       |     3 |     7 ||    10
       Magic Dart        |       |       |     3 |     4 ||     7
       Poisonous Vapours |       |       |     2 |     2 ||     4
 Abil: Breathe Lightning |       |       |     6 |       ||     6
Evoke: Wand              |       |       |     5 |     7 ||    12
  Use: Scroll            |       |     8 |     8 |    10 ||    26
       Potion            |       |       |     1 |     1 ||     2
 Stab: Sleeping          |     4 |     1 |     1 |       ||     6
       Invisible         |       |       |       |     1 ||     1
Armor: Skin              |    53 |    62 |   196 |    37 ||   348
Dodge: Dodged            |   101 |    84 |   222 |    39 ||   446
Block: Other             |    15 |    20 |    68 |     8 ||   111
       Reflection        |       |     2 |     3 |       ||     5
       Buckler           |       |       |    81 |    21 ||   102
